 Dungeon Crawl Stone Soup version 0.32-a0-699-g1ee5eff69a (webtiles) character file.

Game seed: 15663455964991607177

229 BeKind the Chiller (level 6, 0/36 HPs)
             Began as an Octopode Ice Elementalist on Mar 13, 2024.
             Was an Initiate of Sif Muna.
             Slain by a shadow imp (2 damage)
             ... on level 5 of the Dungeon.
             The game lasted 00:08:24 (3198 turns).

BeKind the Chiller (Octopode Ice Elementalist)      Turns: 3198, Time: 00:08:25

Health: 0/36       AC:  1    Str:  4 (7)  XL:     6   Next: 3%
Magic:  1/10       EV: 12    Int: 17 (20) God:    Sif Muna [......]
Gold:   149        SH:  0    Dex:  9 (12) Spells: 4/11 levels left

rFire   . . .        b - +0 dagger (pain)
rCold   . . .        (no shield)
rNeg    . . .        (helmet restricted)
rPois   .            (no amulet)
rElec   .            (no ring)
rCorr   .            (no ring)
SInv    .            (no ring)
Will    .....        (no ring)
Stlth   +++          (no ring)
HPRegen 0.26/turn    (no ring)
MPRegen 0.12/turn    (no ring)
                     (no ring)

%: no passive effects
@: very slightly contaminated
A: almost no armour, amphibious, 8 rings, camouflage 1, gelatinous body 1,
(nimble swimmer 1), tentacles
a: Renounce Religion


You were on level 5 of the Dungeon.
You worshipped Sif Muna.
Sif Muna was noncommittal.
You visited 1 branch of the dungeon, and saw 5 of its levels.

You collected 149 gold pieces.

Inventory:

Hand Weapons
 b - a +0 dagger of pain (weapon)
Scrolls
 d - 2 scrolls of poison
 e - a scroll of immolation {unknown}
 f - 2 scrolls of revelation
 h - 2 scrolls of noise
 i - 2 scrolls of butterflies {unknown}
 j - a scroll of amnesia {unknown}
 k - 2 scrolls of identify
 l - a scroll of fog {unknown}
 n - a scroll of fear {unknown}
Potions
 a - a potion of magic
 g - a potion of curing {unknown}
 m - a potion of mutation {unknown}


   Skills:
 + Level 3.6 Dodging
 - Level 2.7 Stealth
 + Level 3.3 Spellcasting
 + Level 1.8 Summonings
 + Level 5.1 Ice Magic


You had 4 spell levels left.
You knew the following spells:

 Your Spells              Type           Power      Damage    Failure   Level
a - Freeze                Ice            80%        1d9       1%          1
b - Frozen Ramparts       Ice            40%        1d7       6%          3
c - Summon Ice Beast      Ice/Summ       14%        N/A       12%         3

Your spell library contained the following spells:

 Spells                   Type           Power      Damage    Failure   Level
 Ozocubu's Armour         Ice            20%        N/A       6%          3
 Animate Dead             Necr           2%         N/A       86%         4
 Conjure Ball Lightning   Conj/Air       1%         3x3d6     100%        6
 Haunt                    Necr/Summ      2%         N/A       100%        7
 Discord                  Hex            1%         N/A       100%        8
 Disjunction              Tloc           1%         N/A       100%        8
 Infestation              Necr           1%         N/A       100%        8


Dungeon Overview and Level Annotations

Branches:
Dungeon (5/15)
 Temple: D:4-7

Altars:
Ashenzari
Sif Muna
Vehumet
Xom

Shops:
D:3 [   D:5 :

Annotations:
D:4 Duvessa


Innate Abilities, Weirdness & Mutations

You cannot wear most types of armour.
You are amphibious.
You can wear up to eight rings at the same time.
Your skin changes colour to match your surroundings (Stealth+).
Your rubbery body absorbs attacks. (AC +1, EV +1)
((You are camouflaged when in or above water. (Stealth+)))
You have tentacles for arms and can constrict up to eight enemies at once.


Message History

A stone staircase leading up.
There are no walls around you to affect.
Casting: Frozen Ramparts (dangerous; 4% risk of failure)
Confirm with . or Enter, or press ? or * to list all spells.
Casting: Frozen Ramparts (dangerous; 4% risk of failure)
Press: ? - help, Dir - look around, f - activate A stone staircase leading up.
There are no walls around you to affect.
Casting: Frozen Ramparts (dangerous; 4% risk of failure)
Confirm with . or Enter, or press ? or * to list all spells.
Casting: Frozen Ramparts (dangerous; 4% risk of failure)
Press: ? - help, Dir - look around, f - activate
Okay, then.
Casting: Frozen Ramparts (dangerous; 4% risk of failure)
Confirm with . or Enter, or press ? or * to list all spells.
Casting: Frozen Ramparts (dangerous; 4% risk of failure)
Press: ? - help, Dir - look around, f - activate A stone staircase leading up.
Okay, then.
The shadow imp attacks as it pursues you!
The shadow imp hits you.
* * * LOW HITPOINT WARNING * * *
Casting: Frozen Ramparts (dangerous; 4% risk of failure)
Confirm with . or Enter, or press ? or * to list all spells.
Casting: Frozen Ramparts (dangerous; 4% risk of failure)
Press: ? - help, Dir - look around, f - activate
Okay, then.
Unknown command.
Casting: Frozen Ramparts (dangerous; 4% risk of failure)
Confirm with . or Enter, or press ? or * to list all spells.
You miscast Summon Ice Beast.
Nothing appears to happen.
The shadow imp gestures at you. Pain shoots through your body!
* * * LOW HITPOINT WARNING * * *
The shadow imp grins evilly.
It was a potion of degeneration.
There was something very wrong with that liquid.
You feel weakened.
You feel dopey.
You feel clumsy. The shadow imp hits you.
You die...

###
#########.##
...........#
....#####.##
.....# #.#
#...##
##.########
##.##
#.#.......#
#.#
##.######@#
#.# ###
###5### #+#
##ß....###
##........#
#ß...<..#.#
#.......# #
#ß...∩..)ß#
........###
...>...ß#


You could see a shadow imp.

Vanquished Creatures
  A hound (D:5)
  5 gnolls
  2 dart slugs (D:1)
  2 ribbon worms
  An orc (D:4)
  4 endoplasms
  5 giant cockroaches
  6 goblins
  3 hobgoblins
  4 jackals (D:1)
  6 quokkas
  7 ball pythons
  6 bats
  5 frilled lizards
  4 kobolds
  4 rats
65 creatures vanquished.

Vanquished Creatures (collateral kills)
  A gnoll bouda (D:5)
  An iguana (D:5)
  2 gnolls (D:5)
  An endoplasm (D:2)
5 creatures vanquished.

Grand Total: 70 creatures vanquished

Notes
Turn   | Place    | Note
-------+----------+-------------------------------------------
     0 | D:1      | BeKind the Octopode Ice Elementalist began the quest for
                  | the Orb.
     0 | D:1      | Reached XP level 1. HP: 11/11 MP: 3/3
   247 | D:1      | Reached XP level 2. HP: 17/17 MP: 3/5
   450 | D:1      | Reached XP level 3. HP: 3/21 MP: 0/6
   898 | D:1      | Learned a level 3 spell: Frozen Ramparts
  1501 | D:2      | Learned a level 3 spell: Summon Ice Beast
  1662 | D:2      | Reached XP level 4. HP: 27/27 MP: 0/7
  1984 | D:2      | Identified the +0 robe of the Morning Star {Rampage rElec
                  | Will- Stlth+}
  2404 | D:3      | Found Xaceesyu's Antique Armour Emporium.
  2411 | D:3      | Found a shimmering altar of Xom.
  2764 | D:4      | Found a shimmering blue altar of Sif Muna.
  2790 | D:4      | Became a worshipper of Sif Muna the Loreminder
  2815 | D:4      | Found a radiant altar of Vehumet.
  2815 | D:4      | Noticed Duvessa
  2837 | D:5      | Entered Level 5 of the Dungeon
  2898 | D:5      | Found a broken altar of Ashenzari.
  2905 | D:5      | Reached skill level 1 in Summonings
  2905 | D:5      | Reached XP level 5. HP: 31/31 MP: 2/9
  3023 | D:5      | Reached skill level 5 in Ice Magic
  3113 | D:5      | Reached XP level 6. HP: 23/36 MP: 4/10
  3181 | D:5      | Found Zeeng's Book Emporium.
  3195 | D:5      | HP: 1/36 [shadow imp/nerve-wracking pain (9)]
  3198 | D:5      | Slain by a shadow imp

Illustrated notes

Levels and vault maps discovered:
D:1:      minmay_arrival_five_plusses, layout_loops_ring, minmay_misc_feat_chi,
          roderic_roman_lattice, serial_park_tiny_pond,
          amcnicky_mini_rare_corridor_liquid, kennysheep_decorative_pillar,
          grunt_decor_mini_mirrors
D:2:      layout_rooms
D:3:      layout_basic, xom_teletrap_fun, serial_shops, shop,
          minmay_misc_feat_plants, supply_closet_lemuel
D:4:      layout_loops_ring, mainiacjoe_overflow_brackets,
          nicolae_vehumet_radiance, lemuel_doored_altar,
          minmay_temple_entry_glass, uniq_duvessa
D:5:      layout_loops_corners, mainiacjoe_overflow_small_starburst,
          cheibrodos_ashenzari_chains, nicolae_stop_n_shop_1

Skill      XL: |  1  2  3  4  5 |
---------------+----------------+-----
Dodging        | 3 |  3.6
Summonings     | 1 |  1.8
Spellcasting   | 3 |  3.3
Ice Magic      | 5 |  5.1
Stealth        | |  2.7

Action                     |  1- 3 |  4- 6 || total
---------------------------+-------+-------++-------
  Melee: Dagger            |    29 |    14 ||    43
         Constrict         |    14 |     7 ||    21
         Tentacles         |     8 |     4 ||    12
   Cast: Freeze            |    25 |    41 ||    66
         Summon Ice Beast  |     2 |     3 ||     5
         Frozen Ramparts   |     2 |     2 ||     4
    Use: Scroll            |       |     3 ||     3
         Potion            |       |     1 ||     1
   Stab: Sleeping          |     5 |       ||     5
 Armour: Skin              |    30 |    27 ||    57
  Dodge: Dodged            |    40 |    36 ||    76

Table legend: (Time is in decaauts)
 A = Elapsed time spent in this place.
 B = Non-inter-level travel time spent in this place.
 C = Inter-level travel time spent in this place.
 D = Time resting spent in this place.
 E = Time spent auto-exploring this place.
 F = Levels seen in this place.
 G = Mean time per level.
                   A        B        C        D        E       F      G
               +--------+--------+--------+--------+--------+-----+--------+
         Total |   3196 |   3124 |     72 |    457 |   2147 |   5 |  639.2 |
       Dungeon |   3196 |   3124 |     72 |    457 |   2147 |   5 |  639.2 |
               +--------+--------+--------+--------+--------+-----+--------+

Top non-repeatable levels by time:
     D:1: 1370 daAuts
     D:3: 633 daAuts
     D:2: 619 daAuts
     D:5: 360 daAuts
     D:4: 212 daAuts
